 Dungeon Crawl Stone Soup version 0.30.0-5-g1a98f26d00 (webtiles) character file.

Game seed: 7349035016125896184

6 LaggoTC the Conjurer (level 1, -2/13 HPs)
             Began as a Gargoyle Reaver on May 10, 2023.
             Frozen to death by an endoplasm (3 damage)
             ... on level 1 of the Dungeon.
             The game lasted 00:02:19 (305 turns).

LaggoTC the Conjurer (Gargoyle Reaver)               Turns: 305, Time: 00:02:19

Health: -2/13      AC:  5    Str: 15    XL:     1   Next: 90%
Magic:  3/3        EV: 11    Int: 13    God:
Gold:   0          SH:  0    Dex:  8    Spells: 3/4 levels left

rFire   . . .        a - +0 hand axe
rCold   . . .        (no shield)
rNeg    + . .        b - +0 leather armour
rPois   ∞            (no helmet)
rElec   +            (no cloak)
rCorr   .            (no gloves)
SInv    .            (no boots)
Will    .....        (no amulet)
Stlth   +            (no ring)
HPRegen 0.22/turn    (no ring)
MPRegen 0.08/turn

%: no passive effects
@: no status effects
A: sickness immunity, AC +2, negative energy resistance 1, electricity
resistance, torment resistance 1, petrification resistance
a: no special abilities


You were on level 1 of the Dungeon.
You visited 1 branch of the dungeon, and saw 1 of its levels.

Inventory:

Hand Weapons
 a - a +0 hand axe (weapon)
Armour
 b - a +0 leather armour (worn)
Scrolls
 c - a scroll of identify {unknown}
 d - a scroll of teleportation {unknown}
 e - a scroll of butterflies {unknown}


   Skills:
 * Level 2.4 Fighting
 + Level 2.7 Axes
 * Level 0.4 Armour
 - Level 1.5 Dodging
 + Level 2.0 Spellcasting
 + Level 3.3 Conjurations


You had 3 spell levels left.
You knew the following spells:

 Your Spells              Type           Power      Damage    Failure   Level
a - Kiss of Death         Conj/Necr      20%        2d7       16%         1

Your spell library contained the following spells:

 Spells                   Type           Power      Damage    Failure   Level
 Momentum Strike          Conj/Tloc      10%        3d8       24%         2
 Hailstorm                Conj/Ice       5%         3d4       43%         3


Dungeon Overview and Level Annotations

Branches:
Dungeon (1/15)

Altars:


Innate Abilities, Weirdness & Mutations

You are immune to sickness and miasma.
Your stone body is resilient. (AC +2)
You are immune to poison.
You resist negative energy. (rN+)
You are resistant to electric shocks. (rElec)
You are resistant to unholy torment.
You are immune to petrification.


Message History

Done waiting.
Found a scroll labelled BAOPOPAPIV.
e - a scroll labelled BAOPOPAPIV
Found a stone staircase leading down.
A bat comes into view.
The bat barely misses you. x2
You barely miss the bat. The bat barely misses you.
You hit the bat.
You kill the bat!
Found 6 atropa-tipped darts.
As you open the door, it creaks loudly!
A kobold and an endoplasm come into view.
The endoplasm quivers.
There is an open door here.
The endoplasm completely misses you. The kobold barely misses you.
You barely miss the endoplasm. You hit the kobold. The endoplasm freezes you.
You are frozen.
The kobold barely misses you.
You hit the endoplasm.
The endoplasm is almost dead.
You hit the kobold.
You kill the kobold!
The endoplasm freezes you.
You are frozen.
You hit the endoplasm but do no damage.
The endoplasm is almost dead.
The endoplasm freezes you.
You are frozen.
The endoplasm freezes you.
You are frozen.
* * * LOW HITPOINT WARNING * * *
You barely miss the endoplasm.
The endoplasm is almost dead.
The endoplasm hits you but does no damage.
You hit the endoplasm but do no damage.
The endoplasm is almost dead.
An endoplasm comes into view.
The endoplasm freezes you.
You are frozen.
You die...

#........####.###.##
#.# #.##.........>#
#.# #.# #
#.###.###### #.# #.#
#.###.## #+## #.#
#......# #...## #.#
#####..# #.....#
#.### #.#####...#
##....... #....
#.....(...###.)......
####...)
#####.......'@J.....J
+.......
##....###........
####.... ##.#.#
##....... #..## ###.#
#.....# #.... #.#
#...## ##### #.# #+##
# ..# # ### #


You could see 2 endoplasms.

Vanquished Creatures
  A giant cockroach (D:1)
  A hobgoblin (D:1)
  2 kobolds (D:1)
  2 bats (D:1)
6 creatures vanquished.

Notes
Turn   | Place    | Note
-------+----------+-------------------------------------------
     0 | D:1      | LaggoTC the Gargoyle Reaver began the quest for the Orb.
     0 | D:1      | Reached XP level 1. HP: 12/12 MP: 3/3
   305 | D:1      | Frozen to death by an endoplasm

Illustrated notes

Levels and vault maps discovered:
D:1:      shiori_arrival_maze, layout_loops_corners

Action                     || total
---------------------------++-------
  Melee: Hand axe          ||    15
 Armour: Leather armour    ||     4
  Dodge: Dodged            ||    11
